 Dungeon Crawl Stone Soup version 0.24-a0-619-gb7544fd237 (webtiles) character file.

Game seed: 10971194325150841352, levelgen mode: deterministic

683 Peloso the Slasher (level 7, -7/60 HPs)
             Began as a Minotaur Fighter on Sept 17, 2019.
             Mangled by Menkaure (19 damage)
             ... on level 5 of the Dungeon.
             The game lasted 00:06:24 (2613 turns).

Peloso the Slasher (Minotaur Fighter)               Turns: 2613, Time: 00:06:24

Health: -7/60      AC: 11    Str: 21    XL:     7   Next: 35%
Magic:  6/6        EV:  6    Int:  5    God:
Gold:   160        SH: 11    Dex: 11    Spells: 6/6 levels left

rFire    . . .     SeeInvis +   a - +0 long sword
rCold    . . .     Gourm    .   c - +1 shield
rNeg     . . .     Faith    .   b - +0 chain mail
rPois    .         Spirit   .   (helmet restricted)
rElec    .         Reflect  .   (no cloak)
rCorr    .         Harm     .   k - +0 pair of gloves
MR       .....                  (no boots)
Stlth    ..........             j - amulet of rage
HPRegen  0.20/turn              e - ring of see invisible
MPRegen  0.10/turn              (no ring)

@: no status effects
A: retaliatory headbutt, horns 2
a: Evoke Berserk Rage


You were on level 5 of the Dungeon.
You were not hungry.

You visited 1 branch of the dungeon, and saw 5 of its levels.

You collected 160 gold pieces.

Inventory:

Hand Weapons
 a - a +0 long sword (weapon)
Armour
 b - a +0 chain mail (worn)
 c - a +1 shield (worn)
 k - a +0 pair of gloves (worn)
Jewellery
 e - a ring of see invisible (left hand)
 j - an amulet of rage (around neck)
Wands
 r - a wand of disintegration (14)
Scrolls
 i - a scroll of amnesia {unknown}
 l - a scroll of identify
 m - a scroll of teleportation {unknown}
 n - 2 scrolls of random uselessness {unknown}
 o - a scroll of remove curse
Potions
 d - a potion of might
 g - a potion of flight {unknown}
 h - a potion of mutation {unknown}
 p - a potion of haste {unknown}
Comestibles
 f - 8 rations
 q - a chunk of flesh


   Skills:
 + Level 4.6 Fighting
 + Level 6.5 Long Blades
 + Level 5.9 Armour
 + Level 2.0 Dodging
 + Level 0.1 Stealth
 + Level 5.5 Shields


You had 6 spell levels left.
You didn't know any spells.
Your spell library was empty.

Dungeon Overview and Level Annotations

Branches:
Dungeon (5/15)
 Temple: D:4-7

Altars:
Ashenzari
Cheibriados
Fedhas
Hepliaklqana
Kikubaaqudgha
Wu Jian

Annotations:
D:4 Ijyb
D:5 Menkaure


Innate Abilities, Weirdness & Mutations

You reflexively headbutt those who attack you in melee.
You have a pair of horns on your head.


Message History

Menkaure mumbles some strange words.
Menkaure seems to speed up.
You closely miss the adder.
The adder is heavily wounded.
You block the adder's attack.
Menkaure calls on the powers of darkness!
The adder convulses!
Your body is wracked with pain!
The adder bites you but does no damage.
You closely miss the adder.
The adder is severely wounded.
You block the adder's attack.
You hit the adder.
You kill the adder!
Menkaure points at you and mumbles some strange words.
You struggle to resist.
Menkaure calls on the powers of darkness!
Your body is wracked with pain!
* * * LOW HITPOINT WARNING * * *
Menkaure hits you!!
You die...

###.# #.# #
##.#######.###
#.............
##..###........
#..........>...
#..............
####..##...###.
#..@## .#.#
##.M# ...# #...
###. #...# .#
#.... #..###
#..# #..#


You could see Menkaure.

Vanquished Creatures
  A sky beast (D:3)
  An ogre (D:4)
  A howler monkey (D:4)
  2 hounds (D:4)
  Jessica (D:2)
  An iguana (D:4)
  5 orc wizards (D:4)
  A worker ant (D:4)
  10 adders
  An ooze (D:2)
  3 worms
  A dart slug (D:3)
  6 leopard geckos
  11 orcs
  2 giant cockroaches
  9 hobgoblins
  3 jackals (D:1)
  A quokka (D:4)
  A ball python (D:4)
  10 bats
  4 frilled lizards
  5 goblins
  7 kobolds
  9 rats
  2 rat zombies (D:3)
98 creatures vanquished.

Notes
Turn   | Place    | Note
-------+----------+-------------------------------------------
     0 | D:1      | Peloso the Minotaur Fighter began the quest for the Orb.
     0 | D:1      | Reached XP level 1. HP: 19/19 MP: 0/0
   102 | D:1      | Reached XP level 2. HP: 24/27 MP: 1/1
   398 | D:1      | You fall into a shaft and drop 1 floor!
   429 | D:2      | Reached XP level 3. HP: 29/33 MP: 2/2
   558 | D:2      | Reached skill level 1 in Dodging
   577 | D:2      | Reached skill level 3 in Long Blades
   655 | D:2      | Found a blossoming altar of Fedhas.
   656 | D:2      | Reached XP level 4. HP: 40/40 MP: 3/3
   657 | D:2      | Noticed Jessica
   669 | D:2      | Killed Jessica
   725 | D:2      | HP: 2/40 [poisoned by an adder]
   733 | D:2      | HP: 1/40 [poisoned by an adder]
  1186 | D:2      | Reached XP level 5. HP: 46/46 MP: 4/4
  1349 | D:3      | Noticed a sky beast
  1359 | D:3      | Killed a sky beast
  1359 | D:3      | Reached skill level 4 in Long Blades
  1359 | D:3      | Reached skill level 5 in Armour
  1359 | D:3      | Reached skill level 5 in Shields
  1382 | D:3      | Found an ancient bone altar of Kikubaaqudgha.
  1499 | D:3      | Found a snail-covered altar of Cheibriados.
  1537 | D:3      | Reached XP level 6. HP: 52/52 MP: 5/5
  1626 | D:3      | Found a hazy altar of Hepliaklqana.
  1936 | D:4      | Reached skill level 5 in Long Blades
  2188 | D:4      | Reached skill level 6 in Long Blades
  2188 | D:4      | Reached XP level 7. HP: 30/60 MP: 6/6
  2249 | D:4      | Found a shattered altar of Ashenzari.
  2506 | D:4      | Found an ornate altar of the Wu Jian Council.
  2587 | D:4      | Noticed Ijyb
  2594 | D:5      | Entered Level 5 of the Dungeon
  2606 | D:5      | Noticed Menkaure
  2613 | D:5      | Mangled by Menkaure

Levels and vault maps discovered:
D:1:      scummos_arrival_gate, layout_basic
D:2:      layout_basic, fedhas_altar_1, first_ration, uniq_jessica
D:3:      layout_basic, lemuel_round_altar, lemuel_zombie_altar_kikubaaqudgha,
          kennysheep_slug_shrine
D:4:      layout_basic, cheibrodos_ashenzari_chains,
          nicolae_overflow_crystal_walls, uniq_ijyb
D:5:      layout_basic, gammafunk_temple_overflow_claw,
          minmay_temple_entry_enclosed_plants, nicolae_ossuary_entry_giza,
          serial_shops, shop, glass_columns_b, minmay_starry_boxes,
          uniq_menkaure, uniq_eustachio, uniq_sigmund, uniq_blork_the_orc

Skill      XL: |  1  2  3  4  5  6  7 |
---------------+----------------------+-----
Armour         | 4 5 |  5.9
Fighting       | 4 |  4.6
Shields        | 4 5 |  5.5
Dodging        | 1 2 |  2.0
Long Blades    | 3 4 6 |  6.5
Stealth        | |  0.1

Action                   |  1- 3 |  4- 6 |  7- 9 || total
-------------------------+-------+-------+-------++-------
Melee: Long sword        |   102 |   150 |    40 ||   292
       Headbutt          |    15 |    23 |     5 ||    43
  Use: Scroll            |     3 |       |       ||     3
       Potion            |     3 |       |       ||     3
  Eat: Chunk             |       |     5 |     1 ||     6
Armor: Scale mail        |    70 |    48 |    19 ||   137
       Chain mail        |       |       |     2 ||     2
Dodge: Dodged            |    33 |    53 |    17 ||   103
Block: Shield            |    83 |    71 |    21 ||   175
       Rpst.: Long sword |     7 |    15 |     5 ||    27

Table legend:
 A = Non-vault XP
 B = Vault XP
 C = Vault XP percentage of total XP
 D = Non-vault monster count
 E = Vault monster count
 F = Vault count percentage of total count
                 A         B        C        D         E       F
            +---------+---------+-------+---------+---------+-------
      Total |     933 |      43 |   4.4 |      94 |       4 |   4.1
            +---------+---------+-------+---------+---------+-------
        D:1 |      38 |       0 |   0.0 |      24 |       0 |   0.0
        D:2 |     137 |      37 |  21.3 |      28 |       1 |   3.4
        D:3 |     196 |       6 |   3.0 |      19 |       3 |  13.6
        D:4 |     550 |       0 |   0.0 |      22 |       0 |   0.0
        D:5 |      12 |       0 |   0.0 |       1 |       0 |   0.0
            +---------+---------+-------+---------+---------+-------
